 Dungeon Crawl Stone Soup version 0.30-a0-845-g7c6808c8ce (webtiles) character file.

Game seed: 12576876286481335350

135 jasper the Digger (level 4, -4/24 HPs)
             Began as a Deep Elf Earth Elementalist on Mar 2, 2023.
             Slain by a gnoll
             ... wielding a +0 whip
              (5 damage)
             ... on level 3 of the Dungeon.
             The game lasted 00:03:19 (2307 turns).

jasper the Digger (Deep Elf Earth Elementalist)     Turns: 2307, Time: 00:03:20

Health: -4/24      AC:  3    Str:  5    XL:     4   Next: 97%
Magic:  5/12       EV: 12    Int: 22    God:
Gold:   116        SH:  0    Dex: 15    Spells: 2/12 levels left

rFire   . . .      SeeInvis .    j - +1 rapier
rCold   . . .      Faith    .    (no shield)
rNeg    . . .      Spirit   .    a - +0 robe
rPois   .          Reflect  .    (no helmet)
rElec   .          Rampage  .    (no cloak)
rCorr   .                        k - +0 pair of gloves
Will    .....                    (no boots)
Stlth   ++                       (no amulet)
HPRegen 0.24/turn                (no ring)
MPRegen 0.13/turn                (no ring)

@: no status effects
A: no striking features
a: no special abilities


You were on level 3 of the Dungeon.
You visited 1 branch of the dungeon, and saw 4 of its levels.

You collected 116 gold pieces.

Inventory:

Hand Weapons
 j - a +1 rapier (weapon)
Missiles
 g - 15 stones
Armour
 a - a +0 robe (worn)
 k - a +0 pair of gloves (worn)
Jewellery
 e - a ring of ice
Scrolls
 f - a scroll of noise
 m - a scroll of teleportation
Potions
 b - a potion of magic
 d - 2 potions of might
 h - a potion of curing
 i - 3 potions of ambrosia


   Skills:
 - Level 2.4 Dodging
 - Level 2.4 Stealth
 + Level 4.7 Spellcasting
 + Level 1.6 Conjurations
 - Level 1.1 Transmutations
 * Level 5.0 Earth Magic


You had 2 spell levels left.
You knew the following spells:

 Your Spells              Type           Power      Damage    Failure   Level
a - Sandblast             Erth           54%        2d13      1%          1
b - Passwall              Tmut/Erth      15%        N/A       4%          2
c - Stone Arrow           Conj/Erth      38%        3d9       8%          3
d - Petrify               Tmut/Erth      18%        N/A       28%         4

Your spell library contained the following spells:

 Spells                   Type           Power      Damage    Failure   Level


Dungeon Overview and Level Annotations

Branches:
Dungeon (4/15)
 Temple: D:4-7

Altars:
Ashenzari
Kikubaaqudgha

Annotations:
D:2 Sigmund


Message History

The gnoll barely misses you.
The gnoll hits you from afar with a +0 spear.
You take 3 damage, and have 21/24 hp.
You now have 8/12 mp.
The gnoll closely misses you.
The gnoll hits you from afar with a +0 spear.
The gnoll hits you with a +0 whip!
You climb upwards.
There is a stone staircase leading down here.
You take 12 damage, and have 9/24 hp.
MASSIVE DAMAGE!!
Aiming: Sandblast (safe; 1% risk of failure)
Press: ? - help, Q - select action, (/) - cycle Shift-Dir - straight line, f - gnoll
Aim: a gnoll, wielding a +0 whip (85% to hit)
The blast of sand misses the gnoll.
The gnoll hits you with a +0 whip.
* * * LOW HITPOINT WARNING * * *
The gnoll closely misses you.
You take 4 damage, and have 5/24 hp.
You now have 8/12 mp.
Aiming: Sandblast (safe; 1% risk of failure)
Press: ? - help, Q - select action, (/) - cycle Shift-Dir - straight line, f/p - gnoll
Aim: a gnoll, wielding a +0 whip (85% to hit)
The blast of sand hits the gnoll!
You kill the gnoll!
The gnoll completely misses you. The gnoll misses you.
Your Earth Magic skill increases to level 5!
You now have 7/12 mp.
Aiming: Sandblast (safe; 1% risk of failure)
Press: ? - help, Q - select action, (/) - cycle Shift-Dir - straight line, f - gnoll
Aim: a gnoll, wielding a +0 whip (85% to hit)
The blast of sand hits the gnoll!
The gnoll is heavily wounded.
The gnoll hits you with a +0 whip.
* * * LOW HITPOINT WARNING * * *
You take 5 damage, and have 1/24 hp.
MASSIVE DAMAGE!!
You now have 6/12 mp.
Aiming: Sandblast (safe; 1% risk of failure)
Press: ? - help, Q - select action, (/) - cycle Shift-Dir - straight line, f/p - gnoll
Aim: a gnoll, wielding a +0 whip (heavily wounded, 85% to hit)
The blast of sand hits the gnoll.
The gnoll is severely wounded.
The gnoll barely misses you. The gnoll hits you with a +0 whip.
You die...

................# #.## #.#
######.#..####### #..# #.#
#............# #..# ##.####
#.'########+.#######..#####......
#.#........#.##.<............####
#.#.+####'.#.##.####..######.#
#.#.#....#.#..#.####..# #.####
#.#.#.##.#.#..#)g.....# #.##..
#.#.#.##.#.#....@.....# #.##.#
#.#.#....#.#.#.#####..# #.##.#
#.#.+####'.#.#.# #..######.##.#
#.#........#...# #...รท........#
#.+########'..## #.#####.###...
#............## #># #..# #...
#..#######.### #.# #..###...
##.........# #.# #......##
#########.# #.# #..#.....


You could see a gnoll.

Vanquished Creatures
  An orc wizard (D:2)
  2 gnolls
  An adder (D:3)
  A worm (D:3)
  4 dart slugs
  7 orcs
  5 bats
  6 endoplasms
  3 giant cockroaches
  8 goblins
  3 hobgoblins (D:1)
  4 quokkas
  6 ball pythons
  5 frilled lizards
  6 rats
62 creatures vanquished.

Notes
Turn   | Place    | Note
-------+----------+-------------------------------------------
     0 | D:1      | jasper the Deep Elf Earth Elementalist began the quest for
                  | the Orb.
     0 | D:1      | Reached XP level 1. HP: 10/10 MP: 6/6
   216 | D:1      | Reached XP level 2. HP: 15/15 MP: 5/8
   220 | D:1      | Learned a level 2 spell: Passwall
   474 | D:1      | Reached skill level 4 in Earth Magic
   512 | D:1      | Reached XP level 3. HP: 19/19 MP: 7/10
   989 | D:2      | Learned a level 3 spell: Stone Arrow
  1084 | D:2      | Reached XP level 4. HP: 19/24 MP: 7/12
  1090 | D:2      | Learned a level 4 spell: Petrify
  1351 | D:2      | Reached skill level 1 in Conjurations
  1490 | D:2      | Noticed Sigmund
  1593 | D:3      | Found a broken altar of Ashenzari.
  1972 | D:3      | Found an ancient bone altar of Kikubaaqudgha.
  2306 | D:3      | Reached skill level 5 in Earth Magic
  2306 | D:3      | HP: 1/24 [gnoll/+0 whip (5)]
  2307 | D:3      | Slain by a gnoll

Illustrated notes

Levels and vault maps discovered:
D:1:      dpeg_arrival_chambers_temple_mockup, layout_loops_ring
D:2:      layout_basic, minmay_misc_feat_room, kennysheep_big_empty_room,
          dk_noncrumbling_4, uniq_sigmund
D:3:      layout_loops_ring, cheibrodos_ashenzari_chains,
          mainiacjoe_overflow_surrounded_room, serial_glass, glass_columns_b,
          glass_columns_c, minivault_11
D:4:      layout_rooms, hangedman_decor_opposing

Skill      XL: |  1  2  3  4 |
---------------+-------------+-----
Spellcasting   | 4 |  4.7
Earth Magic    | 4 5 |  5.0
Conjurations   | 1 |  1.6
Dodging        | |  2.4
Stealth        | |  2.4
Transmutations | |  1.1

Action                     |  1- 3 |  4- 6 || total
---------------------------+-------+-------++-------
   Cast: Sandblast         |    47 |    38 ||    85
    Use: Scroll            |     4 |     5 ||     9
 Armour: Robe              |     1 |     2 ||     3
  Dodge: Dodged            |     4 |    15 ||    19

Table legend: (Time is in decaauts)
 A = Elapsed time spent in this place.
 B = Non-inter-level travel time spent in this place.
 C = Inter-level travel time spent in this place.
 D = Time resting spent in this place.
 E = Time spent auto-exploring this place.
 F = Levels seen in this place.
 G = Mean time per level.
                   A        B        C        D        E       F      G
               +--------+--------+--------+--------+--------+-----+--------+
         Total |   2348 |   2320 |     28 |    136 |   1829 |   4 |  587.0 |
       Dungeon |   2348 |   2320 |     28 |    136 |   1829 |   4 |  587.0 |
               +--------+--------+--------+--------+--------+-----+--------+

Top non-repeatable levels by time:
     D:1: 926 daAuts
     D:3: 815 daAuts
     D:2: 597 daAuts
     D:4: 8 daAuts
